 Dungeon Crawl Stone Soup version 0.20.0-10-g0535bb4 (webtiles) character file.

2193 skyfox997 the Cleaver (level 9, -1/70 HPs)
             Began as a Minotaur Fighter on June 5, 2017.
             Was a Believer of Makhleb.
             Slain by a two-headed ogre
             ... wielding a +0 giant club
              (12 damage)
             ... on level 8 of the Dungeon.
             The game lasted 00:34:31 (5792 turns).

skyfox997 the Cleaver (Minotaur Fighter)            Turns: 5792, Time: 00:34:43

Health: -1/70      AC: 10    Str: 23    XL:     9   Next: 12%
Magic:  8/8        EV:  6    Int:  5    God:    Makhleb [**....]
Gold:   384        SH: 12    Dex: 11    Spells: 8/8 levels left

rFire    . . .     SeeInvis .   J - +3 war axe (chop)
rCold    . . .     Gourm    .   E - +2 shield
rNeg     . . .     Faith    .   n - +1 chain mail {rPois}
rPois    +         Spirit   .   (helmet restricted)
rElec    .         Reflect  .   (no cloak)
rCorr    .         Harm     .   (no gloves)
MR       .....                  (no boots)
Stlth    ..........             (no amulet)
Regen    0.3/turn               (no ring)
MPRegen  0.2/turn               (no ring)

@: very slightly contaminated, drained
A: retaliatory headbutt, horns 2
a: Minor Destruction, Renounce Religion


You were on level 8 of the Dungeon.
You worshipped Makhleb.
Makhleb was pleased with you.
You were not hungry.

You visited 2 branches of the dungeon, and saw 9 of its levels.

You collected 410 gold pieces.
You spent 26 gold pieces at shops.

Inventory:

Hand Weapons
 a - a +0 war axe
 J - a +3 war axe of chopping (weapon)
 L - a +0 scimitar of holy wrath
 N - a +0 battleaxe
 O - a +0 shortbow
 P - a +0 trident of piercing
Armour
 b - a +0 scale mail
 c - a +0 shield
 n - a +1 chain mail of poison resistance (worn)
 E - a +2 shield (worn)
 M - a +0 plate armour
Jewellery
 u - an uncursed amulet of inaccuracy
Wands
 H - a wand of iceblast (9/15)
Scrolls
 g - 7 scrolls of identify
 h - a scroll of magic mapping {unknown}
 i - 6 scrolls of teleportation {unknown}
 j - 3 scrolls of random uselessness
 l - 6 scrolls of remove curse
 p - 3 scrolls of amnesia {unknown}
 t - a scroll of enchant weapon {unknown}
 x - a scroll of noise {unknown}
 y - 3 scrolls of fear {unknown}
 z - a scroll of blinking
 B - a scroll of immolation {unknown}
 G - 2 scrolls of enchant armour {unknown}
 K - a scroll of torment {unknown}
Potions
 d - 4 potions of might
 e - a potion of agility {unknown}
 m - 6 potions of haste {unknown}
 q - a potion of invisibility {unknown}
 r - 6 potions of curing {unknown}
 s - 2 potions of lignification {unknown}
 v - 3 potions of degeneration {unknown}
 A - 2 potions of brilliance {unknown}
 C - a potion of mutation {unknown}
 D - 3 potions of cancellation {unknown}
Books
 F - a book of Changes

   Spells                             Type                      Level
   a - Beastly Appendage              Transmutation                1
   b - Sticks to Snakes               Transmutation                2
   c - Spider Form                    Transmutation/Poison         3
   d - Ice Form                       Ice/Transmutation            4
   e - Blade Hands                    Transmutation                5
Comestibles
 f - 3 bread rations
 k - 2 fruits
 o - 3 meat rations
 w - 3 royal jellies


   Skills:
 - Level 3.6(3.3) Fighting
 * Level 13.2(12.9) Axes
 - Level 3.6(3.3) Armour
 - Level 2.0(1.8) Dodging
 + Level 0.1(0.0) Stealth
 * Level 5.6(5.3) Shields


You had 8 spell levels left.
You didn't know any spells.

Dungeon Overview and Level Annotations

Branches:
Dungeon (8/15)             Temple (1/1) D:4
   Lair: D:8-11

Altars:
Ashenzari
Cheibriados
Dithmenos
Fedhas
Gozag
Hepliaklqana
Kikubaaqudgha
Makhleb
Nemelex Xobeh
Okawaru
Qazlal
Ru
Trog
Uskayaw
Vehumet
Xom
Zin
The Shining One

Shops:
D:5 ?   D:7 [


Innate Abilities, Weirdness & Mutations

You reflexively headbutt those who attack you in melee.
You have a pair of horns on your head.


Message History

Makhleb accepts your kill.
You feel better.
The howler monkey hoots and howls with incredible vigour!
You hit the two-headed ogre.
The two-headed ogre is heavily wounded.
You block the two-headed ogre's attack. The two-headed ogre barely misses you.
You hit the two-headed ogre.
Your headbutt misses the two-headed ogre.
The two-headed ogre is heavily wounded.
The two-headed ogre barely misses you.
The two-headed ogre hits you with a giant club!
* * * LOW HITPOINT WARNING * * *
You hit the two-headed ogre. You headbutt the two-headed ogre.
The two-headed ogre is severely wounded.
You hit the howler monkey. The howler monkey hits you.
* * * LOW HITPOINT WARNING * * *
The howler monkey hoots and howls with incredible vigour! x2
You block the two-headed ogre's attack.
The two-headed ogre hits you with a giant club!
You die...

#......h..#.#..##.........
.<.........#O...##.........
###.........#...............
#ยง...######(#O#####.........
#.####......)[)).##.........
#.####.####.####O####'######
#.....(..........#...<#
######.####h###..#.##.#
#.....@Oh...#...(#
#####.##.#..###### #.##.####
#....# ######


You could see a two-headed ogre and 2 howler monkeys.

Vanquished Creatures
  A hungry ghost (D:7)
  2 sky beasts
  3 ice beasts
  2 orc warriors (D:7)
  An ogre (D:7)
  A bullfrog (D:5)
  4 wights (D:8)
  2 howler monkeys
  2 crimson imps (D:5)
  A quasit (D:5)
  A centaur zombie (D:5)
  A bullfrog zombie (D:8)
  2 jellies (D:5)
  An orc priest (D:7)
  6 orc wizards
  2 bullfrog skeletons
  A centaur skeleton (D:6)
  A gnoll shaman (D:7)
  2 iguanas
  6 worker ants
  A hound skeleton (D:5)
  5 gnolls (D:7)
  6 adders
  A shadow imp (D:5)
  An ooze (D:1)
  2 adder skeletons (D:4)
  An adder zombie (D:5)
  2 worms (D:2)
  3 dart slugs
  A leopard gecko (D:2)
  35 orcs
  8 giant cockroaches
  4 goblins
  5 hobgoblins
  8 jackals
  8 kobolds
  3 quokkas
  A ball python (D:3)
  12 bats
  6 frilled lizards
  A leopard gecko skeleton (D:4)
  9 rats
165 creatures vanquished.

Notes
Turn   | Place    | Note
-------+----------+-------------------------------------------
     0 | D:1      | skyfox997 the Minotaur Fighter began the quest for the Orb.
     0 | D:1      | Reached XP level 1. HP: 19/19 MP: 0/0
    74 | D:1      | Reached skill level 3 in Axes
    74 | D:1      | Reached XP level 2. HP: 24/26 MP: 1/1
   107 | D:1      | Found a glowing golden altar of the Shining One.
   605 | D:1      | Reached skill level 4 in Axes
   815 | D:2      | Reached XP level 3. HP: 31/31 MP: 2/2
   947 | D:2      | Reached skill level 5 in Axes
  1094 | D:2      | Reached XP level 4. HP: 10/39 MP: 3/3
  1919 | D:3      | Reached skill level 6 in Axes
  1919 | D:3      | Reached XP level 5. HP: 34/45 MP: 4/4
  2263 | D:4      | Found a staircase to the Ecumenical Temple.
  2300 | Temple   | Entered the Ecumenical Temple
  2390 | Temple   | Became a worshipper of Makhleb the Destroyer
  2679 | D:4      | Found a shimmering altar of Xom.
  2728 | D:4      | Reached skill level 7 in Axes
  2759 | D:4      | Reached skill level 1 in Dodging
  2763 | D:4      | Reached XP level 6. HP: 41/51 MP: 5/5
  2946 | D:4      | Reached * piety under Makhleb
  3012 | D:4      | Found a shattered altar of Ashenzari.
  3016 | D:4      | Found an ancient bone altar of Kikubaaqudgha.
  3021 | D:4      | Found a bloodstained altar of Trog.
  3352 | D:5      | Entered Level 5 of the Dungeon
  3387 | D:5      | Reached skill level 8 in Axes
  3525 | D:5      | Found Loiko's Magic Scroll Boutique.
  3533 | D:5      | Bought a scroll of identify for 26 gold pieces
  3625 | D:5      | Found an iron altar of Okawaru.
  3644 | D:5      | Reached skill level 9 in Axes
  3644 | D:5      | Reached XP level 7. HP: 57/57 MP: 6/6
  4001 | D:5      | Reached skill level 10 in Axes
  4456 | D:6      | Found a glowing silver altar of Zin.
  4456 | D:6      | Noticed an angel
  4616 | D:6      | Reached XP level 8. HP: 59/64 MP: 7/7
  4645 | D:6      | Reached ** piety under Makhleb
  4645 | D:6      | Reached skill level 11 in Axes
  5025 | D:7      | Found a shimmering altar of Xom.
  5166 | D:7      | Reached skill level 12 in Axes
  5309 | D:7      | Found Zayjucho's Antique Armour Shop.
  5322 | D:7      | Reached skill level 5 in Shields
  5720 | D:8      | Reached XP level 9. HP: 69/70 MP: 8/8
  5725 | D:8      | Reached skill level 13 in Axes
  5760 | D:8      | Noticed a two-headed ogre
  5792 | D:8      | Slain by a two-headed ogre

Skill      XL: |  1  2  3  4  5  6  7  8  9 |
---------------+----------------------------+-----
Axes           | 3 4 5 6 7 9 10 12 13 | 13.2
Dodging        | 1 2 |  2.0
Shields        | 5 |  5.6
Fighting       | |  3.6
Armour         | |  3.6
Stealth        | |  0.1

Action                   |  1- 3 |  4- 6 |  7- 9 || total
-------------------------+-------+-------+-------++-------
Melee: War axe           |    71 |   176 |   193 ||   440
       Headbutt          |     9 |    32 |    40 ||    81
  Use: Scroll            |     2 |     2 |     1 ||     5
       Potion            |       |       |     1 ||     1
  Eat: Chunk             |       |     9 |     3 ||    12
       Fruit             |       |       |     2 ||     2
       Bread ration      |       |       |     1 ||     1
Armor: Scale mail        |    51 |    15 |       ||    66
       Chain mail        |       |    73 |    63 ||   136
Dodge: Dodged            |    26 |    49 |    37 ||   112
Block: Shield            |    58 |    86 |    94 ||   238
